 Dungeon Crawl Stone Soup version 0.29.0-4-gdea44cf6ec (webtiles) character file.

Game seed: 13522833284358697814

18 qw the Chopper (level 2, 0/17 HPs)
             Began as a Tengu Warper on Aug 28, 2022.
             Succumbed to their own poison gas
             ... on level 1 of the Dungeon.
             The game lasted 00:00:03 (849 turns).

qw the Chopper (Tengu Warper)                        Turns: 849, Time: 00:00:04

Health: 0/17       AC:  3    Str: 10 (11) XL:     2   Next: 70%
Magic:  6/6        EV: 11    Int: 12 (13) God:
Gold:   76         SH:  0    Dex: 11 (13) Spells: 5/5 levels left

rFire   . . .      SeeInvis .   Y - +0 hand axe
rCold   . . .      Faith    .   (no shield)
rNeg    . . .      Spirit   .   b - +0 leather armour
rPois   .          Reflect  .   (helmet restricted)
rElec   .          Harm     .   (no cloak)
rCorr   .          Rampage  .   (no gloves)
Will    .....                   (boots unavailable)
Stlth   +.........              (no amulet)
HPRegen 0.05/turn               (no ring)
MPRegen 0.10/turn               (no ring)

@: lethally poisoned (0 -> -12)
A: beak, talons 3
a: no special abilities


You were on level 1 of the Dungeon.
You visited 1 branch of the dungeon, and saw 1 of its levels.

You collected 76 gold pieces.


Innate Abilities, Weirdness & Mutations

You have a beak for a mouth.
You have claws for feet.


   Skills:
 - Level 2.0 Fighting
 + Level 3.5 Axes
 - Level 1.0 Throwing
 - Level 1.1 Armour
 - Level 2.1 Dodging
 - Level 2.0 Spellcasting
 - Level 2.4 Translocations


You had 5 spell levels left.
You didn't know any spells.
Your spell library contained the following spells:

 Spells                   Type           Power      Damage    Failure   Level
 Blink                    Tloc           12%        N/A       22%         2
 Gell's Gravitas          Tloc           6%         N/A       38%         3
 Lesser Beckoning         Tloc           6%         N/A       38%         3
 Teleport Other           Tloc           6%         N/A       38%         3
 Manifold Assault         Tloc           6%         N/A       98%         5

Inventory:

Hand Weapons
 f - a +0 whip of venom
 Y - a +0 hand axe (weapon)
Missiles
 m - 5 boomerangs (quivered)
Armour
 a - the +15 Maxwell's patent armour {-Cast -Tele rElec Will+ rCorr}
   (You acquired it on level 1 of the Dungeon)

   rElec:     It insulates you from electricity.
   -Cast:     It prevents spellcasting.
   -Tele:     It prevents most forms of teleportation.
   rCorr:     It protects you from acid and corrosion.
   Will:      It increases your willpower.
 b - a +0 leather armour (worn)
Jewellery
 i - a ring of ice
Potions
 h - a potion of cancellation {unknown}
 k - a potion of heal wounds {unknown}

Dungeon Overview and Level Annotations

Branches:
Dungeon (1/15)

Altars:


Message History

The air fills with toxic fumes!
As you read the scroll labelled PON ZABLI DEO, it crumbles to dust.
It was a scroll of poison.
Done exploring.
841 ||| READING scroll labelled DIKKIX UXACOXT.
This is a scroll of acquirement!
841 ||| ACQUIRING +15 Maxwell's patent armour {-Cast -Tele rElec Will+ rCorr} Something appears before you!
a - the +15 Maxwell's patent armour {-Cast -Tele rElec Will+ rCorr} Done exploring.
843 ||| READING scroll labelled FASOITT TIDGHEA.
As you read the scroll labelled FASOITT TIDGHEA, it crumbles to dust.
You hear a loud clanging noise!
It was a scroll of noise.
Done exploring.
844 ||| DRINKING 2 green potions.
It was a potion of degeneration.
There was something very wrong with that liquid.
You feel weakened.
You feel dopey.
You feel clumsy.
Done exploring.
845 ||| DROPPING scroll of blinking.
You drop a scroll of blinking.
Done exploring.
846 ||| DROPPING potion of degeneration.
You drop a potion of degeneration.
Done exploring.
(D) Dungeon
Where to? (* - list waypoints, ? - help)
What level of the Dungeon? (default 1, ? - help) Sorry, I don't know how to get there.
Done exploring.
847 ||| Stepping randomly (stuck).
Really walk into that cloud of poison gas?
You are engulfed in poison gas.
You are lethally poisoned!
You feel very sick.
848 ||| Stepping ~*~*~tactically~*~*~ (cloud).
You feel very sick.
Things that are here:
a potion of degeneration; a scroll of blinking
There is a lethal amount of poison in your body!
You die...

### #@## ##0#
#####.#########
#..#.##.......#
#...#########.#
######.### #.#
##......###### #.#
#............# #.#
######..#########.#
#.#


There were no monsters in sight!

Vanquished Creatures
  A dart slug (D:1)
  2 endoplasms (D:1)
  2 giant cockroaches (D:1)
  2 goblins (D:1)
  A hobgoblin (D:1)
  A kobold (D:1)
  A quokka (D:1)
  A ball python (D:1)
  A bat (D:1)
  2 frilled lizards (D:1)
  A rat (D:1)
15 creatures vanquished.

Notes
Turn   | Place    | Note
-------+----------+-------------------------------------------
     0 | D:1      | qw the Tengu Warper began the quest for the Orb.
     0 | D:1      | Reached XP level 1. HP: 12/12 MP: 4/4
     0 | D:1      | 0 ||| qw: Version: 0.1-a-89-g26bdef1
     0 | D:1      | 0 ||| qw: Game counter: 1013
     0 | D:1      | 0 ||| qw: Always use a shield: true
     0 | D:1      | 0 ||| qw: God list: Okawaru
     0 | D:1      | 0 ||| qw: Allow faded altars: false
     0 | D:1      | 0 ||| qw: Do Orc after D:15 true
     0 | D:1      | 0 ||| qw: Do second Lair branch before Depths: true
     0 | D:1      | 0 ||| qw: Lair rune preference: random
     0 | D:1      | 0 ||| qw: Plans: Normal
     0 | D:1      | 0 ||| PLANNING D:1-11
   142 | D:1      | Reached skill level 3 in Axes
   142 | D:1      | Reached XP level 2. HP: 12/17 MP: 6/6
   584 | D:1      | 584 ||| Stepping ~*~*~tactically~*~*~ (stealth).
   839 | D:1      | 839 ||| READING scroll labelled XIK FISOLLOGOI.
   840 | D:1      | 840 ||| READING scroll labelled PON ZABLI DEO.
   841 | D:1      | 841 ||| READING scroll labelled DIKKIX UXACOXT.
   841 | D:1      | Identified a scroll of acquirement
   841 | D:1      | 841 ||| ACQUIRING +15 Maxwell's patent armour {-Cast -Tele
                  | rElec Will+ rCorr}
   841 | D:1      | Acquired the +15 Maxwell's patent armour {-Cast -Tele rElec
                  | Will+ rCorr}
   841 | D:1      | Found the +15 Maxwell's patent armour {-Cast -Tele rElec
                  | Will+ rCorr}
   843 | D:1      | 843 ||| READING scroll labelled FASOITT TIDGHEA.
   844 | D:1      | 844 ||| DRINKING 2 green potions.
   845 | D:1      | 845 ||| DROPPING scroll of blinking.
   846 | D:1      | 846 ||| DROPPING potion of degeneration.
   847 | D:1      | 847 ||| Stepping randomly (stuck).
   848 | D:1      | 848 ||| Stepping ~*~*~tactically~*~*~ (cloud).
   848 | D:1      | HP: 3/17 [poisoned by you (poison gas)]
   849 | D:1      | Succumbed to their own poison gas

Levels and vault maps discovered:
D:1:      wander_arrival_lonely_grave, layout_loops_ring, amethyst_killhole

Skill      XL: |  1 |
---------------+----+-----
Axes           | 3 |  3.5
Fighting       | |  2.0
Throwing       | |  1.0
Armour         | |  1.1
Dodging        | |  2.1
Spellcasting   | |  2.0
Translocations | |  2.4

Action                   || total
-------------------------++-------
Melee: Hand axe          ||    20
       Kick              ||     8
       Peck              ||     2
Throw: Boomerang         ||     7
  Use: Scroll            ||     4
       Potion            ||     1
Armor: Leather armour    ||     2
Dodge: Dodged            ||     3

Table legend:
 A = Non-vault XP
 B = Vault XP
 C = Vault XP percentage of total XP
 D = Non-vault monster count
 E = Vault monster count
 F = Vault count percentage of total count
                 A         B        C        D         E       F
            +---------+---------+-------+---------+---------+-------
      Total |      27 |       0 |   0.0 |      15 |       0 |   0.0
            +---------+---------+-------+---------+---------+-------
        D:1 |      27 |       0 |   0.0 |      15 |       0 |   0.0
            +---------+---------+-------+---------+---------+-------
